 Dungeon Sprint DCSS version 0.29-a0-925-g0a7a3d12f8 (webtiles) character file.

Game seed: 14876223944640331627

1194 Hipnos the Carver (level 8, 0/71 HPs)
             Began as a Gnoll Chaos Knight on July 29, 2022.
             Was a Plaything of Xom.
             Slain by Menkaure (9 damage)
             ... in the Dungeon (Sprint II: "The Violet Keep of Menkaure").
             The game lasted 00:04:28 (824 turns).

Hipnos the Carver (Gnoll Chaos Knight)               Turns: 824, Time: 00:04:28

Health: 0/71       AC:  4    Str: 12    XL:     8   Next: 43%
Magic:  18/18      EV: 15    Int: 11    God:    Xom [.*....]
Gold:   151        SH:  0    Dex: 16    Spells: 10/20 levels left

rFire   + . .      SeeInvis .   e - +5 mace of the End {pain, rF+ Dex+2}
rCold   . . .      Faith    .   (no shield)
rNeg    . . .      Spirit   .   b - +2 leather armour
rPois   .          Reflect  .   (no helmet)
rElec   .          Harm     .   (no cloak)
rCorr   .          Rampage  .   (no gloves)
Will    .....      NoTele   +   (no boots)
Stlth   +++.......              (no amulet)
HPRegen 0.21/turn               (no ring)
MPRegen 0.16/turn               (no ring)

@: no status effects
A: fangs 1, strong nose, distributed training, deformed body
a: Renounce Religion


You were in the Dungeon.
You worshipped Xom.
You were a plaything of Xom.
You visited 1 branch You collected 972 gold pieces.
You spent 821 gold pieces at shops.

Inventory:

Hand Weapons
 a - a +0 falchion of chaos
 e - the +5 mace of the End (weapon) {pain, rF+ Dex+2}
   (You bought it in a shop in the Dungeon)

   In the hands of one skilled in necromantic magic, it inflicts extra damage on
   living creatures.
   Dex:       It affects your dexterity (+2).
   rF:        It protects you from fire.
Armour
 b - a +2 leather armour (worn)
Potions
 f - a potion of haste
 g - 2 potions of magic
Miscellaneous
 c - a piece from Xom's chessboard (15/15) (quivered)


   Skills:
 + Level 9.5 Fighting
 + Level 6.7 Short Blades
 + Level 9.5 Long Blades
 + Level 6.7 Axes
 + Level 6.7 Maces & Flails
 + Level 6.7 Polearms
 + Level 6.7 Staves
 + Level 6.7 Ranged Weapons
 + Level 6.7 Throwing
 + Level 8.2 Armour
 + Level 7.3 Dodging
 + Level 6.7 Stealth
 + Level 6.7 Shields
 + Level 6.7 Unarmed Combat
 + Level 6.7 Spellcasting
 + Level 5.6 Conjurations
 + Level 5.6 Hexes
 + Level 5.6 Summonings
 + Level 5.6 Necromancy
 + Level 5.6 Translocations
 + Level 5.6 Transmutations
 + Level 5.6 Fire Magic
 + Level 5.6 Ice Magic
 + Level 5.6 Air Magic
 + Level 5.6 Earth Magic
 + Level 5.6 Poison Magic
 + Level 7.4 Invocations
 + Level 6.7 Evocations


You had 10 spell levels left.
You knew the following spells:

 Your Spells              Type           Power      Damage    Failure   Level
a - Ozocubu's Armour      Ice            16%        N/A       7%          3
b - Ozocubu's Refrigerat  Ice            8%         4d6       100%        7

Your spell library contained the following spells:

 Spells                   Type           Power      Damage    Failure   Level


Dungeon Overview and Level Annotations

Branches:
Dungeon (1/1)

Altars:

Shops:
D (:([:[[*!!:=(=?

Annotations:
D exclusion: oklob plant, Menkaure


Innate Abilities, Weirdness & Mutations

You have very sharp teeth.
Your uncanny sense of smell can sniff out nearby items.
Your experience applies equally to all skills.
Armour fits poorly on your strangely shaped body.


Message History

There is an open door here.
The helpless vampire mosquito fails to defend itself.
You bludgeon the vampire mosquito!!
The vampire mosquito is severely damaged.
The vampire mosquito closely misses you. x2
You hit the vampire mosquito. Your punch misses the vampire mosquito.
The vampire mosquito is severely damaged.
The vampire mosquito bites you!
The vampire mosquito draws strength from your injuries!
Menkaure closely misses you.
You hit the vampire mosquito.
The vampire mosquito is severely damaged.
The vampire mosquito closely misses you. x2
Menkaure hits you!
The vampire mosquito bites you but does no damage.
You sock the vampire mosquito!
You destroy the vampire mosquito!
Menkaure hits you. Menkaure closely misses you.
Things that are here:
15 gold pieces; a vampire mosquito corpse Menkaure is nearby!
You thump Menkaure!
Menkaure is heavily damaged.
Menkaure hits you.
You hit Menkaure but do no damage.
Menkaure is heavily damaged.
Menkaure hits you!!
Menkaure gestures at you while chanting.
Pain shoots through your body!
* * * LOW HITPOINT WARNING * * *
You feel better. Menkaure barely misses you.
You hit Menkaure.
Menkaure is heavily damaged.
Menkaure hits you!
* * * LOW HITPOINT WARNING * * *
Okay, then.
You hit Menkaure.
Menkaure is severely damaged.
Menkaure hits you!
You die...

##...∩.∩..#≈##.###'###.#
##..∩.∩...#≈#...##.##.#.#
##.∩.∩....'≈'.##'.<.'.##+
##∩.......#≈#...##.##..#
#▓▓▓▓▓▓▓###≈##.###'###.#
##[ES######≈≈####†.#####
#!)S#D( ##≈≈≈#..##.#
#∩P!+$?#+ #M#≈##.#.##
#?..#?##≈ #@#≈≈##'##
#$.S###≈≈ ####≈≈≈≈≈≈≈≈§§≈
##+###≈≈§ ∆#+++#+++#≈§≈ ∆


zzz z°. ≈z≈.z §..≈≈ §§○≈§≈≈ You could see Menkaure (fast).

Vanquished Creatures
  2 wyverns (D)
  4 neqoxecs (D)
  A vampire mosquito (D)
  4 necrophages (D)
  3 worms (D)
14 creatures vanquished.

Notes
Turn   | Place    | Note
-------+----------+-------------------------------------------
     0 | D        | Hipnos the Gnoll Chaos Knight began the quest for the Orb.
     0 | D        | Reached XP level 1. HP: 23/23 MP: 1/1
     1 | D        | Noticed a necrophage
     1 | D        | Noticed a necrophage
     1 | D        | Noticed a necrophage
     1 | D        | Noticed a necrophage
     4 | D        | XOM: silly message
     6 | D        | Killed a necrophage
     7 | D        | Reached skill level 5 in Armour
     7 | D        | Reached XP level 2. HP: 31/31 MP: 1/5
     7 | D        | Reached XP level 3. HP: 36/36 MP: 1/6
     7 | D        | Reached XP level 4. HP: 43/43 MP: 1/7
     9 | D        | Killed a necrophage
    10 | D        | Reached XP level 5. HP: 48/48 MP: 1/9
    10 | D        | XOM: potion effect (curing)
    22 | D        | Reached skill level 5 in Dodging
    22 | D        | Reached XP level 6. HP: 46/56 MP: 2/12
    97 | D        | Noticed a neqoxec
    97 | D        | Noticed a neqoxec
    97 | D        | Noticed a neqoxec
    97 | D        | Noticed a neqoxec
    99 | D        | Gained mutation: You are dopey. (Int -2) [a neqoxec]
   100 | D        | XOM: potion effect (berserk rage)
   102 | D        | Killed a neqoxec
   103 | D        | Reached skill level 5 in Short Blades
   103 | D        | Reached skill level 5 in Axes
   103 | D        | Reached skill level 5 in Maces & Flails
   103 | D        | Reached skill level 5 in Polearms
   103 | D        | Reached skill level 5 in Staves
   103 | D        | Reached skill level 5 in Ranged Weapons
   103 | D        | Reached skill level 5 in Throwing
   103 | D        | Reached skill level 5 in Stealth
   103 | D        | Reached skill level 5 in Shields
   103 | D        | Reached skill level 5 in Unarmed Combat
   103 | D        | Reached skill level 5 in Spellcasting
   103 | D        | Reached skill level 5 in Invocations
   103 | D        | Reached skill level 5 in Evocations
   105 | D        | Killed a neqoxec
   106 | D        | Reached XP level 7. HP: 63/63 MP: 12/15
   109 | D        | Killed a neqoxec
   117 | D        | Killed a neqoxec
   118 | D        | Reached skill level 5 in Conjurations
   118 | D        | Reached skill level 5 in Hexes
   118 | D        | Reached skill level 5 in Summonings
   118 | D        | Reached skill level 5 in Necromancy
   118 | D        | Reached skill level 5 in Translocations
   118 | D        | Reached skill level 5 in Transmutations
   118 | D        | Reached skill level 5 in Fire Magic
   118 | D        | Reached skill level 5 in Ice Magic
   118 | D        | Reached skill level 5 in Air Magic
   118 | D        | Reached skill level 5 in Earth Magic
   118 | D        | Reached skill level 5 in Poison Magic
   154 | D        | Noticed a wyvern
   154 | D        | Noticed a wyvern
   163 | D        | Killed a wyvern
   164 | D        | Reached XP level 8. HP: 22/71 MP: 17/17
   168 | D        | XOM: confuse monster(s)
   428 | D        | XOM: give mutations
   428 | D        | Gained mutation: Armour fits poorly on your strangely
                  | shaped body. [Xom's mischief]
   428 | D        | Lost mutation: You are dopey. (Int -2) [Xom's mischief]
   477 | D        | Killed a wyvern
   730 | D        | Noticed a flying skull
   730 | D        | Noticed a flying skull
   730 | D        | Noticed a flying skull
   730 | D        | Noticed a flying skull
   731 | D        | Noticed a flying skull
   731 | D        | Noticed a flying skull
   731 | D        | Noticed a flying skull
   731 | D        | Noticed a flying skull
   731 | D        | Noticed a flying skull
   736 | D        | Noticed a flying skull
   736 | D        | Noticed a flying skull
   758 | D        | Found Viklaiw's Magic Scroll Emporium.
   758 | D        | Found Zuagag's Jewellery Shoppe.
   758 | D        | Found Acvih's Jewellery Shoppe.
   758 | D        | Found Ymoplinos's Book Emporium.
   759 | D        | Found Pejitea's Weapon Emporium.
   759 | D        | Found Titwaoni's Distillery.
   759 | D        | Found Emnes's General Store.
   759 | D        | Found Vofaliy's Antique Armour Shoppe.
   760 | D        | Found Wiludad's Antique Armour Shoppe.
   760 | D        | Found Raustit's Book Shoppe.
   760 | D        | Noticed an iron elemental
   761 | D        | Found Unu Bula's Distillery.
   762 | D        | Found Roceagh's Armour Shoppe.
   762 | D        | Found Askig's Antique Weapon Emporium.
   762 | D        | Noticed Menkaure
   762 | D        | Noticed an oklob plant
   765 | D        | XOM: enchant monster (good)
   774 | D        | Found Dawosh's Antique Weapon Shoppe.
   774 | D        | Found Quzylewa's Book Shoppe.
   778 | D        | Bought the +5 mace of the End {pain, rF+ Dex+2} for 557
                  | gold pieces
   779 | D        | Noticed an ice dragon
   791 | D        | Bought Ozocubu's Autobiography for 264 gold pieces
   797 | D        | Learned a level 3 spell: Ozocubu's Armour
   805 | D        | Learned a level 7 spell: Ozocubu's Refrigeration
   824 | D        | Slain by Menkaure

Illustrated notes

Levels and vault maps discovered:
D:        the_violet_keep_of_menkaure [sprint2_stairs_cluster_1,
          sprint2_shoproom, sprint2_temple, sprint2_basic_supplies,
          sprint2_obstacle_1, sprint2_obstacle_6, sprint2_obstacle_5,
          sprint2_obstacle_3, sprint2_obstacle_2, sprint2_timed_cluster_1,
          sprint2_smallroom_cluster_1, sprint2_smallroom_final_cluster_1,
          sprint2_transparent_cluster_1, sprint2_second_timed_cluster_1,
          sprint2_sniper_area_1, sprint2_heavy_combat_area_1,
          sprint2_mutation_trap_area_1, sprint2_forest_area_1,
          sprint2_light_combat_area_1, sprint2_behind_water_1,
          sprint2_near_end_vault_1]

Skill      XL: |  1  2  3  4  5  6  7  8 |
---------------+-------------------------+-----
Fighting       | 7 8 9 |  9.5
Short Blades   | 2 3 4 5 6 |  6.7
Long Blades    | 7 8 9 |  9.5
Axes           | 2 3 4 5 6 |  6.7
Maces & Flails | 2 3 4 5 6 |  6.7
Polearms       | 2 3 4 5 6 |  6.7
Staves         | 2 3 4 5 6 |  6.7
Ranged Weapons | 2 3 4 5 6 |  6.7
Throwing       | 2 3 4 5 6 |  6.7
Armour         | 5 6 7 8 |  8.2
Dodging        | 3 4 5 6 7 |  7.3
Stealth        | 2 3 4 5 6 |  6.7
Shields        | 2 3 4 5 6 |  6.7
Unarmed Combat | 2 3 4 5 6 |  6.7
Spellcasting   | 2 3 4 5 6 |  6.7
Conjurations   | 2 3 4 5 |  5.6
Hexes          | 2 3 4 5 |  5.6
Summonings     | 2 3 4 5 |  5.6
Necromancy     | 2 3 4 5 |  5.6
Translocations | 2 3 4 5 |  5.6
Transmutations | 2 3 4 5 |  5.6
Fire Magic     | 2 3 4 5 |  5.6
Ice Magic      | 2 3 4 5 |  5.6
Air Magic      | 2 3 4 5 |  5.6
Earth Magic    | 2 3 4 5 |  5.6
Poison Magic   | 2 3 4 5 |  5.6
Invocations    | 2 3 4 5 7 |  7.4
Evocations     | 2 3 4 5 6 |  6.7

Action                   |  1- 3 |  4- 6 |  7- 9 || total
-------------------------+-------+-------+-------++-------
Melee: Falchion          |     4 |    20 |    40 ||    64
       Bite              |       |     4 |     5 ||     9
       Punch             |       |     2 |     3 ||     5
       Mace              |       |       |     8 ||     8
  Use: Potion            |     1 |       |     2 ||     3
       Scroll            |       |       |     1 ||     1
 Stab: Confused          |       |     1 |       ||     1
       Sleeping          |       |       |     4 ||     4
Armor: Leather armour    |       |     1 |     5 ||     6
Dodge: Dodged            |     1 |     8 |    22 ||    31

Table legend: (Time is in decaauts)
 A = Elapsed time spent in this place.
 B = Non-inter-level travel time spent in this place.
 C = Inter-level travel time spent in this place.
 D = Time resting spent in this place.
 E = Time spent auto-exploring this place.
 F = Levels seen in this place.
 G = Mean time per level.
                   A        B        C        D        E       F      G
               +--------+--------+--------+--------+--------+-----+--------+
         Total |    836 |    836 |      0 |    606 |      0 |   1 |  836.0 |
       Dungeon |    836 |    836 |      0 |    606 |      0 |   1 |  836.0 |
               +--------+--------+--------+--------+--------+-----+--------+

Top non-repeatable levels by time:
       D: 836 daAuts
